 Dungeon Crawl Stone Soup version 0.25-a0-566-g062765be81 (webtiles) character file.

Game seed: 11855395479752836517, levelgen mode: deterministic

116 drasked the Magician (level 4, -3/24 HPs)
             Began as a Deep Elf Fire Elementalist on Feb 28, 2020.
             Slain by an orc wizard
             ... wielding a cursed +0 dagger
              (7 damage)
             ... on level 3 of the Dungeon.
             The game lasted 00:05:00 (2610 turns).

drasked the Magician (Deep Elf Fire Elementalist)   Turns: 2610, Time: 00:05:01

Health: -3/24      AC:  2    Str:  5    XL:     4   Next: 70%
Magic:  5/12       EV: 13    Int: 21    God:
Gold:   116        SH:  0    Dex: 15    Spells: 11/12 levels left

rFire    . . .     SeeInvis .   i - +2 dagger (venom)
rCold    . . .     Gourm    .   (no shield)
rNeg     . . .     Faith    .   a - +0 robe
rPois    .         Spirit   .   (no helmet)
rElec    .         Reflect  .   (no cloak)
rCorr    .         Harm     .   (no gloves)
MR       .....                  (no boots)
Stlth    ++........             (no amulet)
HPRegen  0.08/turn              (no ring)
MPRegen  0.13/turn              (no ring)

@: lethally poisoned (-3 -> -6)
A: no striking features
a: no special abilities


You were on level 3 of the Dungeon.
You were hungry.

You visited 1 branch of the dungeon, and saw 3 of its levels.

You collected 116 gold pieces.

Inventory:

Hand Weapons
 i - a +2 dagger of venom (weapon)
   (You took it off a kobold on level 2 of the Dungeon)
Missiles
 d - 13 poisoned darts
 Q - 9 stones (quivered)
Armour
 a - a +0 robe (worn)
Jewellery
 b - an uncursed ring of ice {unknown}
   (You found it on level 3 of the Dungeon)
 h - a +4 ring of strength {unknown}
   (You found it on level 2 of the Dungeon)
Scrolls
 c - 5 scrolls of teleportation {unknown}
 f - 2 scrolls of immolation {unknown}
 j - a scroll of remove curse {unknown}
 m - a scroll of noise {unknown}
Potions
 g - a potion of haste {unknown}
 k - a potion of invisibility {unknown}
 l - a potion of magic {unknown}
Comestibles
 e - a ration


   Skills:
 - Level 2.4 Dodging
 - Level 2.4 Stealth
 + Level 4.5 Spellcasting
 + Level 2.9 Conjurations
 + Level 4.4 Fire Magic


You had 11 spell levels left.
You knew the following spells:

 Your Spells              Type           Power        Failure   Level  Hunger
a - Foxfire               Conj/Fire      ###.         2%          1    None

Your spell library contained the following spells:

 Spells                   Type           Power        Failure   Level  Hunger
 Conjure Flame            Conj/Fire      ###.....     8%          3    ##.....
 Inner Flame              Hex/Fire       ##......     14%         3    ##.....
 Sticky Flame             Conj/Fire      ###.....     24%         4    ####...
 Fireball                 Conj/Fire      ###.......   56%         5    ######.


Dungeon Overview and Level Annotations

Branches:
Dungeon (3/15)

Altars:
Yredelemnul


Message History

There is a stone staircase leading down here.
You climb downwards.
You hear the sound of rushing water.
There is an entrance to a sewer on this level.
Hurry and find it before the portal rusts away!
There is a stone staircase leading up here.
Okay, then.
An orc comes into view.
You conjure some foxfire!
The foxfire hits the orc.
The foxfire hits the orc.
You conjure some foxfire!
The orc barely misses you.
The foxfire hits the orc.
You kill the orc!
You see here a +0 leather armour.
A kobold comes into view. It is wielding a +0 whip.
You conjure some foxfire!
The foxfire hits the kobold.
You kill the kobold!
You open the door.
Found a basalt altar of Yredelemnul.
There is an open door here.
There is a basalt altar of Yredelemnul here.
You open the door. You open the door.
There is an open door here.
You hear the slow rusting of a distant drain.
A bat comes into view.
You conjure some foxfire!
The foxfire hits the bat.
You kill the bat!
A bat comes into view.
You conjure some foxfire!
The foxfire hits the bat. x2
You kill the bat!
A hobgoblin comes into view. It is wielding a +0 club.
You conjure some foxfire!
The hobgoblin shouts!
You conjure some foxfire!
The foxfire hits the hobgoblin.
The foxfire hits the hobgoblin but does no damage.
The foxfire hits the hobgoblin. x2
You see here a large marble ring.
You conjure some foxfire!
A frilled lizard comes into view.
The foxfire hits the hobgoblin.
You kill the hobgoblin!
You conjure some foxfire!
The foxfire hits the frilled lizard.
The foxfire hits the frilled lizard.
You kill the frilled lizard!
b - a large marble ring An orc comes into view.
It is wielding a +0 club.
Found a stone staircase leading up.
You conjure some foxfire!
The orc shouts!
You hear a shout! x2
An adder comes into view.
The foxfire hits the adder.
An adder comes into view.
The foxfire hits the adder.
You conjure some foxfire!
You hear the slow rusting of a drain nearby.
The foxfire hits the adder. x2; The adder bites you but does no damage.
You conjure some foxfire!
You hear a shout!
The adder bites you. x2
An orc wizard comes into view. It is wielding a +0 dagger.
The foxfire hits the orc.
The adder barely misses you.
The foxfire hits the adder.
You kill the adder!
The adder closely misses you. The adder bites you.
A puff of flame appears from out of thin air!
Deactivating autopickup; reactivate with Ctrl-A.
The puff of flame hits you.
* * * LOW HITPOINT WARNING * * *
You conjure some foxfire!
An orc comes into view.
The orc barely misses you. The adder misses you.
The foxfire hits the orc.
The foxfire hits the adder.
The adder closely misses you. The orc barely misses you.
You conjure some foxfire!
The adder bites you.
* * * LOW HITPOINT WARNING * * *
You are poisoned.
The adder poisons you! The adder bites you but does no damage.
Something hits you.
* * * LOW HITPOINT WARNING * * *
You feel sick.
The foxfire hits the orc.
The foxfire hits the adder.
You kill the adder!
The orc misses you. Something hits you.
* * * LOW HITPOINT WARNING * * *
The orc closely misses you.
You conjure some foxfire!
The orc barely misses you. Something hits you but does no damage.
You feel sick.
The foxfire hits the orc.
You kill the orc!
The foxfire hits something.
Something hits you but does no damage.
You conjure some foxfire!
The orc wizard gestures wildly while chanting.
The orc wizard seems to speed up.
You feel sick.
The foxfire hits something. x2; The orc barely misses you.
The orc wizard hits you with a +0 dagger.
* * * LOW HITPOINT WARNING * * *
Something hits you!
You die...

. .. ....## ... ......
.... ..^... .....
......##### ######......
..........###...o.#..##
..........#...§@{.......
..............§)o.#.....
......)...........# <...
..................# ...
..................# ..
..................# .
....###...........# ....
#............. ###
#....#######..


You could see an orc wizard and an orc.

Levels and vault maps discovered:
D:1:      tarquinn_simple_flora_water_a, layout_loops_ring
D:2:      layout_loops_ring
D:3:      layout_basic, lemuel_doored_altar, ebering_ghost_sewer_d,
          lightli_sewer_entry_pipes, nicolae_ru_great_annihilating_truth,
          uniq_grinder

Notes
Turn   | Place    | Note
-------+----------+-------------------------------------------
     0 | D:1      | drasked the Deep Elf Fire Elementalist began the quest for
                  | the Orb.
     0 | D:1      | Reached XP level 1. HP: 10/10 MP: 6/6
   189 | D:1      | Identified a +0 club
   190 | D:1      | Identified a +0 dagger
   330 | D:1      | Reached XP level 2. HP: 15/15 MP: 6/8
   352 | D:1      | Identified a +0 dagger
   511 | D:1      | Identified a cursed +0 club
   513 | D:1      | HP: 3/15 [hobgoblin/cursed +0 club (4)]
   975 | D:1      | Reached skill level 2 in Conjurations
  1150 | D:1      | Reached XP level 3. HP: 19/19 MP: 6/10
  1196 | D:1      | Identified a +0 short sword of draining
  1383 | D:2      | Identified a +0 dagger
  1383 | D:2      | Identified a +0 club
  1450 | D:2      | Identified a +0 club
  1512 | D:2      | Identified a +0 dagger
  1554 | D:2      | Identified a +0 club
  1600 | D:2      | Identified a +0 whip
  1602 | D:2      | Identified a +2 dagger of venom
  1623 | D:2      | Reached skill level 4 in Spellcasting
  1623 | D:2      | Reached skill level 4 in Fire Magic
  1892 | D:2      | Identified a +0 club
  1903 | D:2      | Reached XP level 4. HP: 24/24 MP: 7/12
  2528 | D:3      | Identified a +0 leather armour
  2536 | D:3      | Identified a +0 whip
  2542 | D:3      | Found a basalt altar of Yredelemnul.
  2573 | D:3      | Identified a +0 club
  2595 | D:3      | Identified a +0 club
  2595 | D:3      | Identified a +0 scale mail
  2601 | D:3      | Identified a +0 dagger
  2601 | D:3      | Identified a +0 robe
  2603 | D:3      | Identified a +0 chain mail
  2606 | D:3      | HP: 6/24 [something (3)]
  2610 | D:3      | Identified a cursed +0 dagger
  2610 | D:3      | Slain by an orc wizard

Table legend:
 A = Turns spent in this place as a percentage of turns spent in the entire game.
 B = Non-inter-level travel turns spent in this place as a percentage of non-inter-level travel turns spent in the entire game.
 C = Inter-level travel turns spent in this place as a percentage of turns spent in this place.
 D = Turns resting spent in this place as a percentage of non-inter-level travel turns spent in this place.
 E = Turns spent auto-exploring this place as a percentage of non-inter-level travel turns spent in this place.
 F = Non-inter-level travel turns spent in this place divided by the number of levels of this place that you've seen.
                   A       B       C       D       E      F
               +-------+-------+-------+-------+-------+----------------------
         Total | 100.0 | 100.0 |   1.9 |  39.4 |  41.8 | 853.7
       Dungeon | 100.0 | 100.0 |   1.9 |  39.4 |  41.8 | 853.7
               +-------+-------+-------+-------+-------+----------------------

Table legend:
 A = Kills in this place as a percentage of kills in entire the game.
 B = Kills by you in this place as a percentage of kills by you in the entire game.
 C = Kills by friends in this place as a percentage of kills by friends in the entire game.
 D = Other kills in this place as a percentage of other kills in the entire game.
 E = Experience gained in this place as a percentage of experience gained in the entire game.
 F = Experience gained in this place divided by the number of levels of this place that you have seen.
                   A       B       C       D       E      F
               +-------+-------+-------+-------+-------+----------------------
         Total | 100.0 | 100.0 |   N/A |   N/A | 100.0 |  55.7
       Dungeon | 100.0 | 100.0 |   N/A |   N/A | 100.0 |  55.7
               +-------+-------+-------+-------+-------+----------------------

Skill      XL: |  1  2  3 |
---------------+----------+-----
Conjurations   | 2 |  2.9
Spellcasting   | 4 |  4.5
Fire Magic     | 4 |  4.4
Dodging        | |  2.4
Stealth        | |  2.4

Action                   |  1- 3 |  4- 6 || total
-------------------------+-------+-------++-------
 Cast: Foxfire           |    77 |    35 ||   112
  Eat: Chunk             |     3 |     1 ||     4
Armor: Robe              |     1 |     3 ||     4
Dodge: Dodged            |    14 |    12 ||    26

Vanquished Creatures
  5 adders
  2 oozes (D:1)
  A dart slug (D:1)
  A leopard gecko (D:1)
  2 orcs (D:3)
  4 bats
  2 giant cockroaches
  2 goblins
  9 hobgoblins
  7 jackals (D:2)
  8 kobolds
  2 quokkas (D:2)
  6 frilled lizards
  6 rats
57 creatures vanquished.

Vanquished Creatures (others)
  153 foxfires
153 creatures vanquished.

Grand Total: 210 creatures vanquished
